 Dungeon Crawl Stone Soup version bcrawl-1.13-2-g5ca86534bc (webtiles) character file.

Game seed: 12434498899561379036

28725 Camlann the Commander (level 13, 0/82 HPs)
             Began as a Gargoyle Archaeologist on July 30, 2019.
             Was a High Priest of Okawaru.
             Killed from afar by a swamp worm (5 damage)
             ... with a harpoon shot
             ... on level 4 of the Lair of Beasts.
             The game lasted 00:26:58 (15068 turns).

Camlann the Commander (Gargoyle Archaeologist)     Turns: 15068, Time: 00:26:58

Health: 0/82       AC: 32    Str: 22    XL:     13   Next: 40%
Magic:  0/23       EV: 12    Int: 16    God:    Okawaru [*****.]
Gold:   1155       SH:  0    Dex: 14    Spells: 12/12 levels left

rFire    + . .     SeeInvis .   y - +1 flail (protect)
rCold    + . .     Gourm    .   (no shield)
rNeg     + + .     Faith    .   e - +2 leather armour "Bapailasm" {rC+ Dex+2}
rPois    ∞         Spirit   +   f - +2 hat of the Bear Spirit {Spirit, +Rage rN+ MR++}
rElec    +         Reflect  .   D - +2 cloak {MR+}
rCorr    .         Harm     .   j - +0 pair of gloves {Str+3}
MR       +++..                  n - +1 pair of boots {Stlth++}
Stlth    ++++......             G - amulet of regeneration
HPRegen  0.63/turn              E - ring of protection from fire
MPRegen  0.18/turn              t - +4 ring of dexterity

@: about to teleport, finesse, protection aura
A: talons 1, mutation resistance 1, negative energy resistance 1, electricity
resistance, unbreathing, petrification resistance, rot immunity, AC +9
a: Heroism, Finesse, Renounce Religion, Evoke Berserk Rage


You were on level 4 of the Lair of Beasts.
You worshipped Okawaru.
Okawaru was extremely pleased with you.
You were not hungry.

You visited 3 branches of the dungeon, and saw 15 of its levels.
You also visited: Sewer.

You collected 1155 gold pieces.


Innate Abilities, Weirdness & Mutations

You are resistant to torment.
Your stone body is resilient. (AC +9)
You are immune to poison.
You resist negative energy. (rN+)
You are resistant to electric shocks. (rElec)
You can survive without breathing.
You are immune to petrification.
You are immune to rotting.
You have sharp toenails.
You are somewhat resistant to further mutation.


   Skills:
 - Level 10.3 Fighting
 + Level 13.6 Maces & Flails
 - Level 9.3 Armour
 - Level 2.4 Dodging
 - Level 3.6 Stealth
 - Level 14.0 Invocations


You had 12 spell levels left.
You didn't know any spells.
Your spell library contained the following spells:

 Spells                   Type           Power        Failure   Level  Hunger
 Animate Skeleton         Necr           N/A          28%         1    ##.....
 Magic Dart               Conj           #...         28%         1    ##.....
 Pain                     Necr           #...         28%         1    ##.....
 Slow                     Hex            #.......     28%         1    ##.....
 Sting                    Conj/Pois      #...         28%         1    ##.....
 Blink                    Tloc           N/A          38%         2    ###....
 Call Imp                 Summ           #.......     38%         2    ###....
 Poisonous Vapours        Pois/Air       #.....       38%         2    ###....
 Searing Ray              Conj           #.....       38%         2    ###....
 Conjure Flame            Conj/Fire      #.......     63%         3    ####...
 Ignite Poison            Fire/Tmut/Pois #.......     63%         3    ####...
 Iskenderun's Mystic Bla  Conj           #.......     63%         3    ####...
 Mephitic Cloud           Conj/Pois/Air  #.......     63%         3    ####...
 Regeneration             Chrm/Necr      #.........   63%         3    ####...
 Vampiric Draining        Necr           #.........   63%         3    ####...
 Animate Dead             Necr           N/A          95%         4    #####..
 Fulminant Prism          Conj/Hex       #.........   95%         4    #####..
 Olgreb's Toxic Radiance  Pois           #.......     95%         4    #####..
 Summon Scorpions         Summ/Pois      #.......     95%         4    #####..
 Bolt of Draining         Conj/Necr      #.........   100%        5    ######.
 Irradiate                Conj/Tmut      #.........   100%        5    ######.
 Venom Bolt               Conj/Pois      #.........   100%        5    ######.


Dungeon Overview and Level Annotations

Branches:
Dungeon (10/12)            Temple (1/1) D:7            Lair (4/6) D:8
  Swamp (0/3) Lair:4       Spider (0/3) Lair:4          Orc (0/1) D:10

Altars:
Cheibriados
Dithmenos
Elyvilon
Fedhas
Gozag
Kikubaaqudgha
Lugonu
Makhleb
Nemelex Xobeh
Okawaru
Qazlal
Ru
Trog
Uskayaw
Xom
Yredelemnul
Zin
The Shining One

Annotations:
D:5 dracos369's ghost, novice FrAE
D:6 exclusion: oklob plant
D:10 2 transporters

Inventory:

Hand Weapons
 y - a +1 flail of protection (weapon)
   (You took it off an orc on level 5 of the Dungeon)
Missiles
 v - a throwing net (quivered) {!f}
Armour
 e - the +2 leather armour "Bapailasm" (worn) {rC+ Dex+2}
   (You found it on level 10 of the Dungeon)

   It affects your dexterity (+2).
   It protects you from cold.
 f - the +2 hat of the Bear Spirit (worn) {Spirit, +Rage rN+ MR++}

   It protects you from negative energy.
   It affects your resistance to hostile enchantments.
   It lets you go berserk.
 j - a +0 pair of gloves of strength (worn)
   (You found it on level 2 of the Dungeon)
 n - a +1 pair of boots of stealth (worn)
   (Okawaru gifted it to you on level 3 of the Lair of Beasts)
 D - a +2 cloak of magic resistance (worn)
   (You took it off Maurice on level 9 of the Dungeon)
Jewellery
 t - a +4 ring of dexterity (right hand)
   (You found it on level 5 of the Dungeon)
 E - a ring of protection from fire (left hand)
   (You found it on level 10 of the Dungeon)
 G - an amulet of regeneration (around neck)
   (You found it on level 2 of the Lair of Beasts)
Wands
 c - a wand of paralysis (9)
   (You found it on level 4 of the Dungeon)
 B - a wand of polymorph (7)
   (You found it on level 10 of the Dungeon)
Scrolls
 d - 13 scrolls of remove curse
 h - 8 scrolls of teleportation
 p - 4 scrolls of amnesia
 r - 3 scrolls of fear
 u - a scroll of enchant armour
 w - a scroll of identify
 H - a scroll of magic mapping
Potions
 b - 4 potions of brilliance
 i - 4 potions of flight
 k - a potion of lignification {!q}
 l - 5 potions of curing
 m - 2 potions of berserk rage
 o - a potion of agility
 q - 5 potions of cancellation
 s - a potion of resistance
 x - a potion of might
 z - 2 potions of magic
 A - a potion of invisibility
Comestibles
 g - 32 rations {!d} ## ###P ... #.. ...^. ...####.. 777

..^^.. ........77¤~777
....^.. ^.......7~~¤~~7
^..^.... #....ww¤¤¤~7
^...^.^^..^.##...7¤¤¤¤~7
...^.>.^....#P.#.777¤¤77
.^^...^^..^.##.#9.77777#
^^...^^...^.##.#.......7
....^.^.^...##.........#
........^^............##
....^..^..............#
..........^...[..PP...##
......P#........P......##
......###....#####....#.#
......#.....#.##.......##


You could see a swamp worm.


Message History

The water moccasin is lightly wounded.
The water moccasin barely misses you.
You closely miss the water moccasin.
The water moccasin is lightly wounded.
The swamp worm bites you.
* * * LOW HITPOINT WARNING * * *
You miss the water moccasin.
The water moccasin is lightly wounded.
You bludgeon the water moccasin!!
The water moccasin is severely wounded.
The water moccasin closely misses you. The swamp worm closely misses you.
You hit the water moccasin but do no damage.
The water moccasin is severely wounded.
You barely miss the water moccasin.
The water moccasin is severely wounded.
The water moccasin bites you but does no damage.
You hit the water moccasin but do no damage.
The water moccasin is severely wounded.
The swamp worm bites you!
* * * LOW HITPOINT WARNING * * *
You barely miss the water moccasin.
The water moccasin is severely wounded.
The water moccasin barely misses you.
You barely miss the water moccasin.
The water moccasin is severely wounded.
The swamp worm completely misses you.
You barely miss the water moccasin.
The water moccasin is severely wounded.
The water moccasin bites you.
* * * LOW HITPOINT WARNING * * *
You barely miss the water moccasin.
The water moccasin is severely wounded.
The swamp worm bites you but does no damage.
You hit the water moccasin.
The water moccasin is almost dead.
The water moccasin barely misses you.
You closely miss the water moccasin.
The water moccasin is almost dead.
The swamp worm bites you but does no damage.
You thump the water moccasin!
You kill the water moccasin!
Okawaru accepts your kill.
You barely miss the swamp worm.
The swamp worm is moderately wounded.
You hit the swamp worm.
The swamp worm is moderately wounded.
The swamp worm barely misses you.
You hit the swamp worm but do no damage.
You punch the swamp worm.
The swamp worm is heavily wounded.
You hit the swamp worm.
The swamp worm is heavily wounded.
The swamp worm bites you!
* * * LOW HITPOINT WARNING * * *
You sock the swamp worm!
The swamp worm is almost dead.
You hit the swamp worm.
The swamp worm is almost dead.
The swamp worm bites you but does no damage.
Okay, then.
As you read the scroll of teleportation, it crumbles to dust.
You feel strangely unstable.
You feel like a meek peon again. The swamp worm bites you!
* * * LOW HITPOINT WARNING * * *
The swamp worm throws harpoon shot at you.
The harpoon shot hits you!
The swamp worm throws harpoon shot at you.
The harpoon shot hits you!
You die...

Action                   |  1- 3 |  4- 6 |  7- 9 | 10-12 | 13-15 || total
-------------------------+-------+-------+-------+-------+-------++-------
Melee: Whip              |    22 |       |       |       |       ||    22
       Short sword       |    58 |    84 |   117 |       |       ||   259
       Flail             |       |       |   311 |  1003 |   314 ||  1628
       Punch             |       |       |       |     3 |     1 ||     4
Throw: Javelin           |       |       |       |    13 |       ||    13
       Throwing net      |       |       |       |     1 |       ||     1
Invok: Heroism           |       |       |       |     5 |     1 ||     6
       Finesse           |       |       |       |     1 |     1 ||     2
 Abil: Evoke Berserk Rag |       |       |       |     1 |       ||     1
Evoke: Wand              |       |       |       |     1 |       ||     1
  Use: Scroll            |     4 |     3 |     8 |    17 |     2 ||    34
       Potion            |       |     2 |     6 |     8 |       ||    16
 Stab: Sleeping          |     3 |     5 |     6 |     9 |     5 ||    28
       Fleeing           |       |       |     1 |       |       ||     1
       Distracted        |       |       |       |     1 |       ||     1
  Eat: Chunk             |     1 |     4 |    10 |    24 |     5 ||    44
       Ration            |       |       |     1 |     1 |       ||     2
Armor: Robe              |    46 |    12 |       |       |       ||    58
       Ring mail         |       |     7 |   407 |   319 |       ||   733
       Leather armour    |       |       |       |   291 |   268 ||   559
       Steam dragon scal |       |       |       |    46 |       ||    46
Dodge: Dodged            |    54 |    70 |   422 |   630 |   238 ||  1414

Levels and vault maps discovered:
D:1:      scummos_arrival_forest, layout_rooms
D:2:      layout_basic, nemelex_diamond_rough_becter
D:3:      layout_basic, first_ration
D:4:      layout_loops_cross, old_standard_altar, uniq_duvessa
D:5:      kennysheep_spiral_hall, layout_basic, gammafunk_ghost_stat_death,
          uniq_eustachio
D:6:      layout_loops_ring, tgw_fedhas, cheibrodos_sewer_entry_sluice
D:7:      cheibrodos_two_vegetables, layout_layer_cave, old_standard_altar,
          minmay_temple_entry_fiery, grunt_ogre_cave
D:8:      layout_loops_corners, lair_entry_dummy, minmay_statues_item
D:9:      cheibrodos_steamvent, layout_stronghold, basic_altar, uniq_maurice,
          uniq_prince_ribbit1
D:10:     gammafunk_jiyva_shrine, layout_basic
Temple:   regret_index_temple_chain_breaker
Lair:1:   layout_regular_city, serial_bayou, serial_bayou_lake_a,
          serial_bayou_shore_a, serial_bayou_pond_c, serial_bayou_pond_e,
          serial_bayou_lagoon_a
Lair:2:   layout_misc_corridors, basic_altar, lemuel_fruit_fields
Lair:3:   layout_gridlike, gammafunk_ghost_arena
Lair:4:   layout_gridlike, minmay_swamp_entry_worms,
          spider_nest_entry_web_field, lemuel_fruit_fields

Notes
Turn   | Place    | Note
-------+----------+-------------------------------------------
     0 | D:1      | Camlann the Gargoyle Archaeologist began the quest for the
                  | Orb.
     0 | D:1      | Reached XP level 1. HP: 12/12 MP: 1/1
   325 | D:1      | Reached skill level 2 in Fighting
   325 | D:1      | Reached XP level 2. HP: 12/18 MP: 2/2
   802 | D:2      | Reached skill level 3 in Fighting
   918 | D:2      | Reached XP level 3. HP: 23/23 MP: 3/3
  1004 | D:2      | Found a sparkling altar of Nemelex Xobeh.
  1264 | D:3      | Reached skill level 4 in Fighting
  1286 | D:3      | Reached XP level 4. HP: 19/30 MP: 4/4
  1331 | D:3      | Reached skill level 5 in Fighting
  2064 | D:4      | Reached skill level 6 in Fighting
  2066 | D:4      | Reached XP level 5. HP: 27/37 MP: 5/5
  2137 | D:4      | Noticed Duvessa
  2137 | D:4      | Noticed Dowan
  2145 | D:4      | Killed Dowan
  2145 | D:4      | Reached skill level 7 in Fighting
  2151 | D:4      | Killed Duvessa
  2151 | D:4      | Reached skill level 8 in Fighting
  2151 | D:4      | Reached XP level 6. HP: 28/45 MP: 6/6
  2257 | D:4      | Reached skill level 1 in Armour
  2330 | D:4      | Found a basalt altar of Yredelemnul.
  2336 | D:4      | Reached skill level 2 in Armour
  2404 | D:4      | Reached skill level 3 in Armour
  2404 | D:4      | Reached XP level 7. HP: 25/50 MP: 7/7
  2416 | D:4      | Reached skill level 4 in Armour
  3047 | D:4      | Reached skill level 5 in Armour
  3091 | D:5      | Entered Level 5 of the Dungeon
  3218 | D:5      | Noticed dracos369's ghost (novice FrAE)
  3225 | D:5      | Found a transporter.
  3243 | D:5      | Found a transporter.
  3485 | D:5      | Noticed Eustachio
  3502 | D:5      | Killed Eustachio
  3502 | D:5      | Reached skill level 6 in Armour
  3502 | D:5      | Reached XP level 8. HP: 55/55 MP: 8/8
  3827 | D:5      | Reached skill level 7 in Armour
  4204 | D:6      | Reached skill level 2 in Maces & Flails
  4314 | D:6      | Found a glowing drain.
  4323 | D:6      | Noticed a two-headed ogre
  4333 | Sewer    | Entered a sewer
  4666 | Sewer    | Reached skill level 3 in Maces & Flails
  4947 | D:6      | Reached skill level 8 in Armour
  5123 | D:6      | HP: 11/55 [two-headed ogre/+0 giant club (5)]
  5127 | D:6      | Killed a two-headed ogre
  5127 | D:6      | Reached skill level 5 in Maces & Flails
  5127 | D:6      | Reached skill level 9 in Armour
  5127 | D:6      | Reached XP level 9. HP: 30/60 MP: 4/9
  5266 | D:6      | Reached skill level 9 in Fighting
  5266 | D:6      | Reached skill level 6 in Maces & Flails
  5610 | D:6      | Found a blossoming altar of Fedhas.
  5631 | D:6      | Noticed an oklob plant
  5799 | D:7      | Found a snail-covered altar of Cheibriados.
  6002 | D:7      | Reached skill level 7 in Maces & Flails
  6009 | D:7      | Noticed a troll
  6012 | D:7      | HP: 15/61 [yak (6)]
  6050 | D:7      | HP: 15/61 [troll (7)]
  6051 | D:7      | Killed a troll
  6051 | D:7      | Reached XP level 10. HP: 16/68 MP: 3/10
  6055 | D:7      | Reached skill level 8 in Maces & Flails
  6060 | D:7      | Reached skill level 10 in Fighting
  6080 | D:7      | HP: 17/68 [yak (3)]
  6087 | D:7      | HP: 15/68 [orc/+0 hand axe (3)]
  6357 | D:7      | Reached skill level 9 in Maces & Flails
  6391 | D:7      | Found a staircase to the Ecumenical Temple.
  6400 | Temple   | Entered the Ecumenical Temple
  6468 | Temple   | Became a worshipper of Warmaster Okawaru
  6666 | D:7      | Reached skill level 1 in Invocations
  6774 | D:7      | Reached skill level 2 in Invocations
  6792 | D:7      | Gained mutation: Armour fits poorly on your strangely
                  | shaped body. [potion of mutation]
  6792 | D:7      | Gained mutation: You are robust. (+10% HP) [potion of
                  | mutation]
  6792 | D:7      | Gained mutation: Your flesh is heat resistant. (rF+)
                  | [potion of mutation]
  6792 | D:7      | Gained mutation: You expend magic power (3 MP) to
                  | strengthen your wands. [potion of mutation]
  6793 | D:7      | Lost mutation: Your flesh is heat resistant. (rF+) [potion
                  | of mutation]
  6793 | D:7      | Lost mutation: Armour fits poorly on your strangely shaped
                  | body. [potion of mutation]
  6793 | D:7      | Lost mutation: You expend magic power (3 MP) to strengthen
                  | your wands. [potion of mutation]
  6793 | D:7      | Lost mutation: You are robust. (+10% HP) [potion of
                  | mutation]
  6793 | D:7      | Gained mutation: You have sharp toenails. [potion of
                  | mutation]
  6793 | D:7      | Gained mutation: You are somewhat resistant to further
                  | mutation. [potion of mutation]
  6982 | D:8      | Reached skill level 3 in Invocations
  7107 | D:8      | Noticed a two-headed ogre
  7120 | D:8      | Killed a two-headed ogre
  7120 | D:8      | Reached * piety under Okawaru
  7120 | D:8      | Reached skill level 5 in Invocations
  7149 | D:8      | Reached skill level 6 in Invocations
  7475 | D:8      | Reached skill level 7 in Invocations
  7664 | D:8      | Found a staircase to the Lair.
  7747 | D:8      | HP: 16/68 [troll (3)]
  7750 | D:8      | Reached ** piety under Okawaru
  7750 | D:8      | Reached XP level 11. HP: 18/72 MP: 6/16
  8211 | D:8      | Reached skill level 8 in Invocations
  8396 | D:9      | Noticed Maurice
  8432 | D:9      | Killed Maurice
  8494 | D:9      | Found a blossoming altar of Fedhas.
  8737 | D:9      | Reached skill level 9 in Invocations
  8830 | D:9      | Noticed a centaur warrior
  8845 | D:9      | Killed a centaur warrior
  9067 | D:9      | Reached skill level 10 in Invocations
  9087 | D:9      | Noticed a two-headed ogre
  9103 | D:9      | Killed a two-headed ogre
  9103 | D:9      | Reached *** piety under Okawaru
  9439 | D:9      | Reached skill level 11 in Invocations
  9489 | D:9      | Noticed Prince Ribbit
  9532 | D:9      | Killed Prince Ribbit
  9861 | D:10     | Entered Level 10 of the Dungeon
  9892 | D:10     | Got a bloodstained leather armour
  9906 | D:10     | Identified the +2 leather armour "Bapailasm" {rC+ Dex+2}
                  | (You found it on level 10 of the Dungeon)
  9985 | D:10     | Found a transporter.
 10204 | D:10     | Found a transporter.
 10206 | D:10     | Noticed a great orb of eyes
 10293 | D:10     | Found a staircase to the Orcish Mines.
 10364 | D:10     | Reached **** piety under Okawaru
 10696 | D:10     | Reached skill level 12 in Invocations
 10714 | D:10     | Noticed a brown ugly thing
 10722 | D:10     | HP: 18/72 [acid (9)]
 10729 | D:10     | HP: 15/72 [brown ugly thing (4)]
 10735 | D:10     | Killed a brown ugly thing
 10747 | D:10     | Noticed a cyclops
 10749 | D:10     | Noticed a centaur warrior
 10779 | D:10     | Killed a cyclops
 10789 | D:10     | Killed a centaur warrior
 10789 | D:10     | Reached XP level 12. HP: 36/77 MP: 9/21
 11049 | Lair:1   | Entered Level 1 of the Lair of Beasts
 11098 | Lair:1   | Received a gift from Okawaru
 11115 | Lair:1   | Reached skill level 13 in Invocations
 11669 | Lair:1   | Reached ***** piety under Okawaru
 11673 | Lair:1   | Reached skill level 14 in Invocations
 12758 | Lair:2   | Reached skill level 10 in Maces & Flails
 12884 | Lair:2   | Found a white marble altar of Elyvilon.
 13363 | Lair:3   | Found a transporter.
 13373 | Lair:3   | Noticed Deed's ghost (journeyman MiFi)
 13373 | Lair:3   | Noticed a six-headed hydra
 13386 | Lair:3   | Found a transporter.
 13488 | Lair:3   | Killed Deed's ghost
 13488 | Lair:3   | Received a gift from Okawaru
 13488 | Lair:3   | Reached skill level 11 in Maces & Flails
 13497 | Lair:3   | Killed a six-headed hydra
 13605 | Lair:3   | Reached skill level 12 in Maces & Flails
 13605 | Lair:3   | Reached XP level 13. HP: 82/82 MP: 23/23
 14312 | Lair:3   | Reached skill level 13 in Maces & Flails
 14732 | Lair:4   | Found a hole to the Spider Nest.
 14996 | Lair:4   | Found a staircase to the Swamp.
 15063 | Lair:4   | HP: 10/82 [swamp worm (15)]
 15066 | Lair:4   | HP: 4/82 [swamp worm (7)]
 15068 | Lair:4   | Killed from afar by a swamp worm

Vanquished Creatures
  The ghost of Deed the Peltast, a journeyman MiFi of Wu Jian (Lair:3)
  A catoblepas (Lair:3)
  3 two-headed ogres
  2 hydras
  2 centaur warriors
  A cyclops (D:10)
  An oklob plant (Lair:3)
  An ugly thing (D:10)
  Maurice (D:9)
  4 black mambas
  8 cane toads
  5 komodo dragons
  Prince Ribbit (D:9)
  3 trolls
  3 slime creatures (D:9)
  12 blink frogs (Lair:1)
  A hippogriff (Lair:4)
  A shadow (D:10)
  13 yaks
  Eustachio (D:5)
  A wyvern (Lair:3)
  8 fire bats (Lair:4)
  2 basilisks
  A hungry ghost (D:6)
  2 steam dragons (D:9)
  8 water moccasins
  9 porcupines
  3 sky beasts
  Duvessa (D:4)
  An ice beast (D:10)
  2 hornet zombies (D:10)
  A black bear (D:8)
  2 orc warriors
  4 ogres
  A necrophage (D:6)
  A phantom (D:8)
  An eye of draining (D:8)
  4 wolves (Lair:3)
  2 centaurs
  8 crocodiles
  2 big kobolds
  11 bullfrogs
  A scorpion (D:5)
  Dowan (D:4)
  13 wights
  2 killer bees (D:10)
  6 howler monkeys
  10 electric eels
  A lava snake (Lair:4)
  A centaur zombie (D:6)
  2 crimson imps
  A hound (D:8)
  3 jellies (D:7)
  3 quasits
  11 orc priests
  4 centaur skeletons
  A bullfrog skeleton (D:6)
  3 iguanas
  7 worker ants
  13 orc wizards
  3 worker ant zombies
  A howler monkey zombie (D:5)
  A howler monkey skeleton (D:7)
  10 adders
  5 river rats
  2 shadow imps
  4 worms
  2 dart slugs
  4 leopard geckos
  45 orcs
  A giant cockroach (D:2)
  3 goblins
  5 hobgoblins
  12 jackals
  20 kobolds
  2 quokkas
  4 ball pythons (Sewer)
  3 bats
  7 frilled lizards
  A leopard gecko skeleton (D:4)
  6 rats
364 creatures vanquished.

Vanquished Creatures (others)
  3 fungi (Lair:1)
  7 plants
10 creatures vanquished.

Grand Total: 374 creatures vanquished
